AoeStats
← WuLuDuDu

Pilgrims

509473751Analyzed
3v3 RM · 6d ago on Sep 26, 2026· 23m 32s· 6 players
Game mode
Random Map
Map size
Normal (6 player)
Population
200
Speed
Normal
Resources
Standard
Victory
Conquest
Starting age
Dark Age
Ending age
Imperial Age
RankedLock teamsTeams togetherTeam positionsShared explorationLock speedFull tech treeHidden civsTurbo modeCheats
Victory
Defeat
🇺🇸 Tupi · United States
787
+17
🇺🇸 Japanese · United States
765
+18
🇺🇸 Burgundians · United States
737
+19
🇹🇷 Italians · Türkiye
823
-19
🇦🇷 Spanish · Argentina
797
-18
🇯🇴 Franks · Jordan
790
-17
MR.ESSA
14:09 Feudal Age
12:27 Loom
14:36 Man-at-Arms
21:29 Scale Mail Armor
Loren II
7:31 Loom
16:15 Feudal Age
18:38 Wheelbarrow
17:52 Double-Bit Axe
WuLuDuDu
13:24 Feudal Age
24:07 Castle Age
22:30 Forging
22:29 Scale Barding Armor
martha5505
11:18 Double-Bit Axe
11:19 Horse Collar
15:09 Feudal Age
13:26 Loom
18:53 Bow Saw
19:45 Man-at-Arms
23:32 Scale Barding Armor
23:38 Forging
jellycopter229
9:40 Feudal Age
9:15 Loom
10:07 Champi Runner
10:44 Double-Bit Axe
13:21 Wheelbarrow
16:01 Fletching
16:13 Scale Mail Armor
20:47 Castle Age
22:02 Bow Saw
21:32 Horse Collar
22:22 Crossbowman
TheMonkNextDoor
8:43 Loom
10:04 Loom
12:19 Feudal Age
13:32 Man-at-Arms
14:34 Arson
22:27 Castle Age
21:15 Stone Mining
22:42 Scale Mail Armor
23:30 Fishing Lines
Connection lost

Rejoining the realm…

Still unreachable

The connection could not be restored.

Session expired

The server has moved on; the page needs a fresh start.